Cogmind - Beta 14 @@@ ROGUE MODE // 2024.08.12 @ 01:08:39 Player: AntinDisguise Result: Destroyed by G-47 Trooper with Particle Gun Performance ------------- Evolutions (0) 0 Regions Visited (2) 400 Robots Destroyed (9) 45 Value Destroyed (251) 251 Prototype IDs (0) 0 Alien Tech Used (0) 0 Bonus (0) 0 TOTAL SCORE: 696 Bonus ------- None Cogmind --------- Core Integrity 0/250 Matter 226/300 Energy 250/250 System Corruption 0% Temperature Warning (318) Movement Treading (160) Location -10/Mines Parts ------- > --- POWER (1) -------- Ion Engine > --- PROPULSION (2) --- Light Treads Light Treads > --- UTILITY (2) ------ Large Storage Unit Targeting Computer > --- WEAPON (2) ------- Particle Gun > --- INVENTORY (15) --- Heat Sink Improved Heat Sink Visual Processing Unit Visual Processing Unit Grenade Launcher Peak State ------------ > --- POWER ------------ Ion Engine > --- PROPULSION ------- Compact Wheel Compact Wheel > --- UTILITY ---------- Large Storage Unit Targeting Computer > --- WEAPON ----------- Assault Rifle Assault Rifle > --- INVENTORY -------- Light Treads Light Treads Heat Sink Improved Heat Sink Visual Processing Unit Particle Gun [Rating: 8] Favorites ----------- Power Ion Engine Engine Ion Engine Propulsion Compact Wheel Treads Light Treads Wheel Compact Wheel Utility Large Storage Unit Storage Large Storage Unit Processor Targeting Computer Weapon Assault Rifle Energy Gun Particle Gun Ballistic Gun Assault Rifle Build | -11 -10 -10 ------- Run | Yrd Mat Min Slots Evolved . | . . . Power . | . . . Propulsion . | . . . Utility . | . . . Weapon . | . . . Parts Attached 12 | 6 2 4 Power 2 | 1 . 1 Engine 2 | 1 . 1 Core . | . . . Reactor . | . . . Propulsion 4 | 2 . 2 Treads 2 | . . 2 Leg . | . . . Wheel 2 | 2 . . Hover . | . . . Flight . | . . . Utility 3 | 1 2 . Device . | . . . Storage 2 | 1 1 . Processor 1 | . 1 . Hackware . | . . . Protection . | . . . Artifact . | . . . Weapon 3 | 2 . 1 Energy Gun 1 | . . 1 Energy Cannon . | . . . Ballistic Gun 2 | 2 . . Ballistic Cannon . | . . . Launcher . | . . . Special Weapon . | . . . Impact Weapon . | . . . Slashing Weapon . | . . . Piercing Weapon . | . . . Special Melee Weapon . | . . . Unidentified Prototypes . | . . . Parts Lost 5 | . 5 . Power 1 | . 1 . Propulsion 2 | . 2 . Utility . | . . . Weapon 2 | . 2 . Highest Loss Streak 5 | . 5 . To Critical Strikes . | . . . Average Slot Usage (%) 92 | . 95 83 Engine 13 | . 13 14 Treads 7 | . . 27 Wheel 20 | . 27 . Storage 14 | . 14 14 Processor 11 | . 11 14 Energy Gun 3 | . . 13 Ballistic Gun 20 | . 27 . Peak Build Rating 8 | 6 8 7 Average Rating 6 | 3 6 6 On Entrance 3 | . 6 3 Naked Turns . | . . . Heaviest Build 29 | 14 29 28 Greatest Support 40 | 32 32 40 Greatest Overweight (x) 6 | 3 6 . Average Overweight (x) . | . . . Largest Inventory Capacity 15 | 8 15 15 Average Capacity 13 | 7 13 15 Most Carried 9 | 4 9 8 Average Carried 4 | 2 4 5 Final Capacity 15 | 8 15 15 Final Carried 9 | 2 9 5 Class Distribution -------------------- 100% | Mutant Dominant Class ---------------- Mutant | -10/Materials Mutant | -10/Mines Resources | -11 -10 -10 ----------- Run | Yrd Mat Min Matter Collected 410 | 260 87 63 Remotely . | . . . Salvage Created 345 | . 345 . Parts 23 | . 23 . Haulers Intercepted 1 | . 1 . Recyclers Shooed . | . . . Parts Field Recycled . | . . . Retrieved Matter . | . . . Parts Self-Destructed . | . . . Prevented . | . . . Kills | -11 -10 -10 ------- Run | Yrd Mat Min Combat Hostiles Destroyed 6 | . 6 . Guns 6 | . 6 . Classes Destroyed 3 | . 3 . Hauler 1 | . 1 . Watcher 2 | . 2 . Grunt 6 | . 6 . Best Kill Streak 5 | . 5 . Combat Bots Only 3 | . 3 . Max Kills in Single Turn 1 | . 1 . Gunslinging . | . . . Exploded . | . . . Melee . | . . . Uniques/NPCs Destroyed . | . . . Combat | -11 -10 -10 -------- Run | Yrd Mat Min Hostile Shots Fired 74 | . 61 13 Missed 17 | . 14 3 Damage Taken 741 | . 576 165 Core 263 | . 212 51 Absorbed by Shields . | . . . Core Remaining (%) 100 | 100 . . Volleys Fired 45 | . 33 12 Largest 2 | . 2 1 Hottest 65 | . 40 65 Shots Fired 75 | . 63 12 Gun 75 | . 63 12 Cannon . | . . . Launcher . | . . . Special . | . . . Kinetic 63 | . 63 . Thermal 12 | . . 12 Explosive . | . . . Electromagnetic . | . . . Robot Hit Streak 12 | . 12 3 Robot Miss Streak 2 | . 2 1 Penetration Max . | . . . Secondary Targets . | . . . Shots Hit Robots 57 | . 49 8 Core Hits 19 | . 17 2 Critical Kills . | . . . Critical Parts Destroyed . | . . . Critical Strikes 1 | . . 1 Burn 1 | . . 1 Melee Attacks . | . . . Impact . | . . . Slashing . | . . . Piercing . | . . . Sneak Attacks . | . . . Combat Hostiles . | . . . Follow-up Attacks . | . . . Damage Inflicted 740 | . 615 125 Guns 740 | . 615 125 Cannons . | . . . Explosions . | . . . Melee . | . . . Ramming . | . . . Kinetic 615 | . 615 . Thermal 125 | . . 125 Explosive . | . . . Electromagnetic . | . . . Impact . | . . . Slashing . | . . . Piercing . | . . . Highest Corruption . | . . . Average Corruption . | . . . Corruption Purged . | . . . Corruption Blocked . | . . . Overload Shots . | . . . Overflow Damage . | . . . Projectiles . | . . . Explosions . | . . . Melee . | . . . Knockbacks . | . . . Impact . | . . . Kinetic . | . . . Secondary . | . . . Self-Inflicted Damage . | . . . Shots . | . . . Rammed . | . . . Targets Rammed . | . . . Kicked . | . . . Crushed . | . . . Highest Temperature 369 | . 27 369 Average Temperature 123 | . 9 211 Received Heat Transfer 402 | . 312 90 Effects 1 | . . 1 Energy Bleed 1 | . . 1 Siege Activations . | . . . Robots Corrupted . | . . . Combat Hostiles . | . . . Parts Fried . | . . . Impact Corruptions . | . . . Robots Melted . | . . . Combat Hostiles . | . . . Parts Melted . | . . . Heat Transferred 370 | . . 370 Parts Sabotaged . | . . . Parts Stolen . | . . . Parts Stripped . | . . . Power Chain Reactions . | . . . Alert | -11 -10 -10 ------- Run | Yrd Mat Min Peak Influence 125 | . 125 . Initial . | . . . Average 33 | . 50 . Maximum Alert Level . | . . . Low Security (%) 100 | 100 100 100 Level 1 . | . . . Level 2 . | . . . Level 3 . | . . . Level 4 . | . . . Level 5 . | . . . High Security . | . . . Max Security . | . . . Squads Dispatched 1 | . 1 . Investigation 1 | . 1 . Extermination . | . . . Reinforcement . | . . . Assault . | . . . Garrison . | . . . Intercept . | . . . Searches Triggered . | . . . Construction Impeded . | . . . Haulers Reinforced . | . . . Active Scanning Responses . | . . . Cargo Convoy Interrupts . | . . . Stealth | -11 -10 -10 --------- Run | Yrd Mat Min Distress Signals 1 | . 1 . Communications Jammed . | . . . Distress Signals . | . . . Times Spotted 15 | . 13 2 Peak Tracking Total 5 | . 5 3 Tactical Retreats . | . . . Traps | -11 -10 -10 ------- Run | Yrd Mat Min Traps Triggered . | . . . Indirectly . | . . . Trap Hack Attempts . | . . . Triggered . | . . . Disarmed . | . . . Reprogrammed . | . . . Reused . | . . . Traps Extracted . | . . . Installed . | . . . Triggered . | . . . Machines | -11 -10 -10 ---------- Run | Yrd Mat Min Machines Disabled . | . . . Max in Single Turn . | . . . Machines Repaired . | . . . Machines Dismantled . | . . . Machines Sabotaged . | . . . Overloaded Fab Kills . | . . . Hacking | -11 -10 -10 --------- Run | Yrd Mat Min Machines Accessed 2 | . 2 . Terminals 2 | . 2 . Fabricators . | . . . Repair Stations . | . . . Recycling Units . | . . . Scanalyzers . | . . . Garrison Access . | . . . Total Hacks 4 | . 4 . Successful 3 | . 3 . Failed 1 | . 1 . Catastrophic . | . . . Database Lockouts . | . . . Manual . | . . . Terminals 4 | . 4 . Fabricators . | . . . Repair Stations . | . . . Recycling Units . | . . . Scanalyzers . | . . . Garrison Access . | . . . Terminal Hacks 3 | . 3 . Unreport Threat 1 | . 1 . Locate Traps 1 | . 1 . Zone Layout 1 | . 1 . Fabricator Hacks . | . . . Repair Station Hacks . | . . . Recycling Unit Hacks . | . . . Scanalyzer . | . . . Garrison Access Hacks . | . . . Unauthorized Hacks . | . . . Terminals . | . . . Fabricators . | . . . Repair Stations . | . . . Recycling Units . | . . . Scanalyzers . | . . . Garrison Access . | . . . Data Cores Recovered . | . . . Used . | . . . Hacking Detections 1 | . 1 . Full Trace Events 1 | . 1 . Feedback Events . | . . . Feedback Blocked . | . . . Robot Schematics Acquired . | . . . Robots Built . | . . . Authchips . | . . . Time . | . . . Total Robot Build Rating . | . . . Part Schematics Acquired . | . . . Parts Built . | . . . Authchips . | . . . Time . | . . . Total Part Build Rating . | . . . Parts Repaired . | . . . Time . | . . . Parts Recycled . | . . . Recycled Matter . | . . . Retrieved Matter . | . . . Retrieved Components . | . . . Parts Scanalyzed . | . . . Part Schematics Acquired . | . . . Parts Damaged . | . . . Bothacking | -11 -10 -10 ------------ Run | Yrd Mat Min Used RIF Installer . | . . . Robots Hacked . | . . . Non-combat . | . . . Combat . | . . . Robot Hacks Applied . | . . . Relay Couplers Released . | . . . Fabnet Peak Effective % . | . . . Robots Rewired . | . . . Allies Hacked . | . . . Hacks Repelled . | . . . Allies | -11 -10 -10 -------- Run | Yrd Mat Min Total Allies . | . . . Largest Group . | . . . Highest-Rated Group . | . . . Highest-Rated Ally . | . . . Total Orders . | . . . Ally Attacks . | . . . Total Damage . | . . . Kills . | . . . Allies Corrupted . | . . . Allies Melted . | . . . Intel | -11 -10 -10 ------- Run | Yrd Mat Min Robot Analysis Total . | . . . Derelict Logs Recovered . | . . . Drone Launches . | . . . Drone Recoveries . | . . . Exploration | -11 -10 -10 ------------- Run | Yrd Mat Min Turns Passed 640 | 69 428 143 Spaces Moved 350 | 57 236 57 Core 26 | 24 2 . Treads 57 | . . 57 Legs . | . . . Wheels 267 | 33 234 . Hover . | . . . Flight . | . . . Fastest Speed 50 | 50 100 160 Average Speed 110 | 97 102 160 Slowest Speed 350 | 200 350 160 Overloaded Moves . | . . . Propulsion Burnouts . | . . . Robots Hopped . | . . . Cave-ins Triggered . | . . . Exploration Rate (%) 20 | 5 45 10 Regions Visited 2 Branch Regions 1 Pre-discovered Areas . | . . . Known Exits Taken . | . . . Unknown Exits Taken 2 | 1 1 . Scrap Searched 1 | . . 1 Spaces Dug . | . . . Terrain Destroyed . | . . . Melee . | . . . Projectile . | . . . AOE . | . . . Terrain Rammed . | . . . Walls Destroyed . | . . . Machines Disabled . | . . . Actions | -11 -10 -10 --------- Run | Yrd Mat Min Total 529 | 70 362 97 Wait 106 | . 82 24 Move 348 | 56 235 57 Hop . | . . . Pick Up 17 | 8 9 . Fast Attach . | . . . Attach 12 | 6 2 4 Detach . | . . . Swap . | . . . Drop 1 | . 1 . Fire 45 | . 33 12 Melee . | . . . Ram . | . . . Kick . | . . . Crush . | . . . Escape Stasis . | . . . Rewire . | . . . Trap . | . . . Miscellaneous . | . . . Route ------- -11/Scrapyard -10/Materials -10/Mines History --------- Turn | Location | Event 6 | -11/Scrapyard | Discovered new exit (range 14) 70 | -11/Scrapyard | Entered Materials 308 | -10/Materials | Discovered new exit (range 14) 317 | -10/Materials | Build established: Mutant 493 | -10/Materials | Core integrity fell below 50% 498 | -10/Materials | Entered Mines 499 | -10/Mines | Core integrity fell below 20% 525 | -10/Mines | Lost 5 parts (1p2n2w) 641 | -10/Mines | Destroyed by G-47 Trooper with Particle Gun Last Messages --------------- LOCATION=UNKNOWN GOAL=ESCAPE Something is scanning the area. K-01 Serf collects debris. K-01 Serf cleans the Plasma Injector. K-01 Serf collects debris. Searching scrap... Found Lrg. Matter Pod. Found Wheel. Found Lrg. Storage Unit. Found 63 Matter. Acquired 63 matter. G-47 Trooper suffers critical hit (Burn). G-47 Trooper overheating. Overheating: Energy bleed (-60). G-47 Trooper heat short circuits Aluminum Leg. G-47 Trooper overheating. G-47 Trooper heat damages Lgt. Nuclear Core. G-47 Trooper heat spikes uncontrollably. G-47 Trooper overheating. Map ----- +----------------------------------------------------+ | ?????????????????????????????????????????????????? | | ?????????????????????????????????????????????????? | | ???????????????????############??????????????????? | | ???????????????????# #??????????????????? | | ???????????????????# #??????????????????? | | ???????????????????# #??????????????????? | | ???????????????????# """ """ #??????????????????? | | ???????????????????# """ """ #??????????????????? | | ???????????????????# """ """ #??????????????????? | | ???????????????????# #??????????????????? | | ???????????????????# """ #??????????????????? | | ???????????????????# """ #??????????????????? | | ???????????????????# """ #??????????????????? | | ???????????????????# #??????????????????? | | ???????????????????# #??????????????????? | | ???????????????????###### #####??????????????????? | | ????????????????????????# #??????????????????????? | | ????????????????????????# #??????????????????????? | | ????????????????????????# #??????????????????????? | | ????????????????????????# #??????????????????????? | | ????????????????????????# #??????????????????????? | | ????????????????????????# #??????????????????????? | | ????????????????????????# #??????????????????????? | | ????????????????????????# #??????????????????????? | | ????????""" ????????????# #??????????????????????? | | ????????""" #########@#??????????????????????? | | ?????????????# =gg!#??????????????????????? | | ?????????????# ###########??????????????????????? | | ?????????????????????????????????????????????????? | | ?????????????????????????????????????????????????? | | ?????????????????????????????????????????????????? | | ?????????????????????????????????????????????????? | | ?????????????????????????????????????????????????? | | ?????????????????????????????????????????????????? | | ?????????????????????????????????????????????????? | | ?????????????????????????????????????????????????? | | ?????????????????????????????????????????????????? | | ?????????????????????????????????????????????????? | | ?????????????????????????????????????????????????? | | ?????????????????????????????????????????????????? | | ?????????????????????????????????????????????????? | | ?????????????????????????????????????????????????? | | ?????????????????????????????????????????????????? | | ?????????????????????????????????????????????????? | | ?????????????????????????????????????????????????? | | ?????????????????????????????????????????????????? | | ?????????????????????????????????????????????????? | | ?????????????????????????????????????????????????? | | ?????????????????????????????????????????????????? | | ?????????????????????????????????????????????????? | +----------------------------------------------------+ Best States ------------- Heat Dissipation 25 Energy Generation 10 Energy Capacity 250 Matter Stores 300 Matter Capacity 300 Sight Range 16 Terrain Scan Density 10 Evasion (%) 50 Targeting Accuracy 5 Recoil Reduction 2 Item Schematics ----------------- None Robot Schematics ------------------ None Fabricated ------------ Nothing Alien Tech Used ----------------- None Achievements -------------- None Challenges ------------ None Game ------ Seed CatalystFortressDetector Manual? 0 Play Time 00:05:03 Cumulative 33.2 hours Start 2024.08.12 @ 01:04:02 End 2024.08.12 @ 01:08:39 Sessions 1 Manual Loads 0 Difficulty Rogue Special Mode None Game No. 92 Rogue 90 Adventurer 2 Explorer 0 Win Type - Total 0 Types 0/0/0/0/0/0/0/0/0 Lore% 14 Gallery% 31 Achievement% 23 Wizard Run 0 Options --------- Layout 1 ASCII 0 Keyboard 0 Movement Mouse Keybinds 0 Fullscreen 1 Font 16/SmallcapsGlow Map View 27x19 Zoom Use 99% Tactical HUD 0 Map Filters NONE Filters NONE Steam 1 RUN: 0ce44df2-cf36-4d36-8c65-101d42716b10